 Dungeon Crawl Stone Soup version 0.23-a0-29-g1be82e5 (webtiles) character file.

76 mopl the Chopper (level 4, -1/35 HPs)
             Began as a Formicid Monk on Aug 3, 2018.
             Slain by an adder (2 damage)
             ... on level 2 of the Dungeon.
             The game lasted 00:01:34 (1115 turns).

mopl the Chopper (Formicid Monk)                    Turns: 1115, Time: 00:01:34

Health: -1/35      AC:  4    Str: 22    XL:     4   Next: 57%
Magic:  4/4        EV: 13    Int: 13    God:
Gold:   99         SH:  0    Dex: 13    Spells: 3/3 levels left

rFire    . . .     SeeInvis +   a - +0 hand axe
rCold    . . .     Gourm    .   (no shield)
rNeg     . . .     Faith    .   b - +0 robe
rPois    .         Spirit   .   (helmet unavailable)
rElec    .         Reflect  .   e - +0 cloak
rCorr    .         Harm     .   d - +0 pair of gloves
MR       .....                  (no boots)
Stlth    ++........             (no amulet)
HPRegen  0.11/turn              f - +4 ring of intelligence
MPRegen  0.09/turn              (no ring)

@: mighty, lethally poisoned (-1 -> -11)
A: permanent stasis, dig shafts and tunnels, four strong arms, antennae 3
a: Dig, Shaft Self


You were on level 2 of the Dungeon.
You were not hungry.

You visited 1 branch of the dungeon, and saw 2 of its levels.

You collected 99 gold pieces.

Inventory:

Hand Weapons
 a - a +0 hand axe (weapon)
Armour
 b - a +0 robe (worn)
 d - a +0 pair of gloves (worn)
 e - a +0 cloak (worn)
Jewellery
 f - a +4 ring of intelligence (left hand)
Scrolls
 j - a scroll of identify {unknown}
Potions
 h - a potion of resistance {unknown}
Comestibles
 c - 2 rations
 i - 3 chunks of flesh


   Skills:
 - Level 3.2 Fighting
 + Level 5.0 Axes
 - Level 2.6 Dodging
 - Level 2.4 Stealth


You had 3 spell levels left.
You didn't know any spells.
Your spell library was empty.

Dungeon Overview and Level Annotations

Branches:
Dungeon (2/15)

Altars:


Innate Abilities, Weirdness & Mutations

You cannot be hasted, slowed, berserked, paralysed or teleported.
You can dig through walls and to a lower floor.
Your four strong arms can wield two-handed weapons with a shield.
You have a pair of large antennae on your head. (SInv)


Message History

The adder bites you.
* * * LOW HITPOINT WARNING * * *
You are lethally poisoned!
The adder poisons you!
You hit the adder.
The adder is heavily wounded.
* * * LOW HITPOINT WARNING * * *
You feel sick. The adder bites you.
* * * LOW HITPOINT WARNING * * *
You are more poisoned.
The adder poisons you!
It was a potion of might.
You feel very mighty all of a sudden.
* * * LOW HITPOINT WARNING * * *
You feel sick. The adder bites you but does no damage.
You closely miss the adder.
The adder is heavily wounded.
* * * LOW HITPOINT WARNING * * *
You feel sick. The adder barely misses you. The adder bites you.
You die...

######### #.......#
#.......# +.......#
#.......#
#.......#####
#.....?...!#
#.####.###!####.####
#.......S@.........<
########†#....######
#†####.....
#.########.#
#..........
###...##.# ##.†.##.#
#...###.# ##+#'###.#


You could see an adder.

Vanquished Creatures
  A howler monkey (D:2)
  An adder (D:2)
  2 worms (D:2)
  A bat (D:2)
  A giant cockroach (D:1)
  A goblin (D:1)
  A hobgoblin (D:1)
  2 jackals (D:1)
  2 kobolds
  A ball python (D:1)
  4 frilled lizards
  11 rats
28 creatures vanquished.

Notes
Turn   | Place    | Note
-------+----------+-------------------------------------------
     0 | D:1      | mopl the Formicid Monk began the quest for the Orb.
     0 | D:1      | Reached XP level 1. HP: 18/18 MP: 1/1
   234 | D:1      | Reached XP level 2. HP: 17/24 MP: 2/2
  1036 | D:2      | Noticed a howler monkey
  1047 | D:2      | Reached skill level 4 in Axes
  1047 | D:2      | Reached XP level 3. HP: 20/29 MP: 3/3
  1049 | D:2      | Reached XP level 4. HP: 24/35 MP: 4/4
  1067 | D:2      | Reached skill level 5 in Axes
  1114 | D:2      | HP: 1/35 [poisoned by an adder]
  1115 | D:2      | Slain by an adder

Vault maps used:
D:1:      dpeg_arrival_ratfight, corexii_item_surrounded_by_moat
D:2:      kennysheep_slug_shrine, first_ration, uniq_natasha

Skill      XL: |  1  2  3  4 |
---------------+-------------+-----
Axes           | 4 5 |  5.0
Fighting       | |  3.2
Dodging        | |  2.6
Stealth        | |  2.4

Action                   |  1- 3 |  4- 6 || total
-------------------------+-------+-------++-------
Melee: Hand axe          |    44 |    20 ||    64
  Use: Potion            |       |     1 ||     1
 Stab: Sleeping          |     4 |       ||     4
  Eat: Chunk             |       |     1 ||     1
Armor: Robe              |    14 |     3 ||    17
Dodge: Dodged            |    34 |    10 ||    44

Table legend:
 A = Spawn XP
 B = Non-spawn XP
 C = Spawn XP percentage of total XP
 D = Spawn monster count
 E = Non-spawn monster count
 F = Spawn count percentage of total count
 G = Total turns spent on level
                    A         B        C        D         E        F      G
               +---------+---------+-------+---------+---------+-------+---------
         Total |       0 |     109 |   0.0 |       0 |      28 |   0.0 |  1115
               +---------+---------+-------+---------+---------+-------+---------
           D:1 |       0 |      23 |   0.0 |       0 |      17 |   0.0 |   996
           D:2 |       0 |      86 |   0.0 |       0 |      11 |   0.0 |   119
               +---------+---------+-------+---------+---------+-------+---------
